 Dungeon Crawl Stone Soup version 0.30.0-5-g1a98f26d00 (webtiles) character file.

Game seed: 11509793468941614231

55 RascalDebosk the Magician (level 4, 0/31 HPs)
             Began as a Djinni Fire Elementalist on May 10, 2023.
             Slain by an orc priest
             ... wielding a +1 whip of electrocution
              (17 damage)
             ... on level 3 of the Dungeon on May 11, 2023.
             The game lasted 00:10:55 (2195 turns).

RascalDebosk the Magician (DjFE)                    Turns: 2195, Time: 00:10:55

Health: 0/31       AC:  2    Str:  7    XL:     4   Next: 14%
Gold:   140        EV: 12    Int: 18    God:
                   SH:  0    Dex: 14

rFire   + + .        s - +4 dagger
rCold   x . .        (no shield)
rNeg    . . .        a - +0 robe
rPois   ∞            (no helmet)
rElec   .            (no cloak)
rCorr   .            (no gloves)
SInv    .            (boots unavailable)
Will    .....        (no amulet)
Stlth   ++           (no ring)
HPRegen 0.25/turn    (no ring)
MPRegen 0.00/turn

%: infuse magic (-1 HP)
@: flying
A: sickness immunity, fire resistance 2, cold vulnerability 1, float, innate
caster, HP casting, extra vitality 1
a: no special abilities


You were on level 3 of the Dungeon.
You visited 1 branch of the dungeon, and saw 3 of its levels.

You collected 140 gold pieces.

Inventory:

Hand Weapons
 s - a +4 dagger (weapon)
Armour
 a - a +0 robe (worn)
Scrolls
 d - a scroll of identify {unknown}
 e - a scroll of magic mapping {unknown}
 g - 2 scrolls of teleportation {unknown}
 i - a scroll of fear {unknown}
Potions
 b - 4 potions of curing {unknown}
 c - 3 potions of flight {unknown}
 f - a potion of attraction {unknown}
 h - a potion of heal wounds {unknown}
 j - a potion of mutation {unknown}


   Skills:
 - Level 2.1 Dodging
 - Level 1.5 Stealth
 * Level 3.7 Spellcasting


You knew the following spells:

 Your Spells              Type           Power      Damage    Failure   Level
a - Foxfire               Conj/Fire      64%        2x1d7     3%          1
b - Scorch                Fire           32%        2d6       4%          2
c - Volatile Blastmotes   Fire/Tloc      32%        2d12      10%         3
d - Inner Flame           Hex/Fire       16%        N/A       10%         3
e - Flame Wave            Conj/Fire      16%        2d7       32%         4
f - Magic Dart            Conj           64%        1d6       3%          1
Your spell library was empty.

Dungeon Overview and Level Annotations

Branches:
Dungeon (3/15)

Altars:


Innate Abilities, Weirdness & Mutations

You are immune to sickness and miasma.
You are immune to poison.
Your flesh is very heat resistant. (rF++)
You are vulnerable to cold. (rC-)
You float through the air rather than walking.
You learn spells naturally, not from books.
Your magical power is your life essence.
You have superior vitality. (+4 MHP)


Message History

A kobold comes into view. It is wielding a +0 dagger.
The kobold shouts!
Casting: Foxfire (safe; 3% risk of failure)
Confirm with . or Enter, or press ? or * to list all spells.
You conjure some foxfire!
The foxfire hits the kobold.
You kill the kobold!
Your foxfire dissipates!
b - 4 fizzy orange potions (gained 1)
Things that are here:
a +0 dagger; 3 stones You now have 140 gold pieces (gained 17).
j - a murky blue potion A kobold comes into view.
It is wielding a +0 dagger.
The kobold throws a stone.
The stone hits you.
Casting: Foxfire (safe; 3% risk of failure)
Confirm with . or Enter, or press ? or * to list all spells.
You conjure some foxfire!
The kobold throws a stone.
The stone closely misses you.
Casting: Foxfire (safe; 3% risk of failure)
Confirm with . or Enter, or press ? or * to list all spells.
You conjure some foxfire!
The foxfire hits the kobold.
The kobold is severely wounded.
Your foxfire dissipates!
The foxfire hits the kobold but does no damage.
The kobold is severely wounded.
Casting: Foxfire (safe; 3% risk of failure)
Confirm with . or Enter, or press ? or * to list all spells.
You conjure some foxfire!
The kobold throws a stone.
The stone closely misses you.
The foxfire hits the kobold.
You kill the kobold!
Your foxfire dissipates!
Found a stone staircase leading up.
There is a stone staircase leading up here.
Found a ring mail.
You see here a +0 ring mail.
There is a stone staircase leading up here.
Found a short sword.
A hobgoblin comes into view.
Casting: Foxfire (safe; 3% risk of failure)
Confirm with . or Enter, or press ? or * to list all spells.
You conjure some foxfire!
The hobgoblin shouts!
The foxfire hits the hobgoblin but does no damage.
The foxfire hits the hobgoblin.
The hobgoblin is moderately wounded.
Casting: Foxfire (safe; 3% risk of failure)
Confirm with . or Enter, or press ? or * to list all spells.
You conjure some foxfire!
The foxfire hits the hobgoblin.
The hobgoblin is almost dead.
The foxfire hits the hobgoblin but does no damage.
The hobgoblin is almost dead.
Casting: Foxfire (safe; 3% risk of failure)
Confirm with . or Enter, or press ? or * to list all spells.
You conjure some foxfire!
The foxfire hits the hobgoblin.
You kill the hobgoblin!
An orc priest comes into view.
It is wielding a +1 whip of electrocution.
Casting: Foxfire (safe; 3% risk of failure)
Confirm with . or Enter, or press ? or * to list all spells.
You conjure some foxfire!
The foxfire hits the orc priest.
The orc priest is moderately wounded.
The orc priest shouts!
An orc comes into view. It is wielding a +0 whip.
An orc comes into view. It is wielding a +0 club.
Casting: Foxfire (safe; 3% risk of failure)
Confirm with . or Enter, or press ? or * to list all spells.
You conjure some foxfire!
The orc shouts!
An orc comes into view. It is wielding a +0 hand axe.
Casting: Foxfire (safe; 3% risk of failure)
Confirm with . or Enter, or press ? or * to list all spells.
You can't see any susceptible monsters within range! (Use Z to cast anyway.) Unknown command.
The foxfire hits the orc priest but does no damage.
The orc priest is moderately wounded.
An orc wizard comes into view. It is wielding a +0 dagger.
Casting: Foxfire (safe; 3% risk of failure)
Confirm with . or Enter, or press ? or * to list all spells.
Aiming: Magic Dart (safe; 3% risk of failure)
Press: ? - help, Shift-Dir - straight line, f - orc priest
Aim: an orc priest, wielding a +1 whip of electrocution and wearing a +0 ring mail (moderately wounded, ally target, 100% to hit)
The magic dart hits the orc priest.
The orc priest is severely wounded.
The orc wizard shouts!
The orc priest hits you with a +1 whip of electrocution!
Casting: Magic Dart (safe; 3% risk of failure)
Confirm with . or Enter, or press ? or * to list all spells.
Aiming: Magic Dart (safe; 3% risk of failure)
Press: ? - help, Shift-Dir - straight line, f/p - orc priest
Aim: an orc priest, wielding a +1 whip of electrocution and wearing a +0 ring mail (severely wounded, ally target, 100% to hit)
The magic dart hits the orc priest.
The orc priest is almost dead.
The orc priest hits you with a +1 whip of electrocution.
You are electrocuted!
Ouch! That really hurt!
You die...

#....#.#.###.#
#.#.#.#.#...##
#.#..###.#.## #.#.##
##..###### ...##
##......# ###.#
##..####.##
#.###.........######
#v#................
#@##.§####...##.##
#o##.§####...##.##
#o....§...........
#o##..##.....##.##
.............##...
..# .........#####
..##.###.....# #oo##
####.## #.####


You could see an orc priest (ally target), an orc wizard and 3 orcs.

Vanquished Creatures
  An adder (D:2)
  2 dart slugs (D:1)
  3 ball pythons
  3 bats
  4 endoplasms
  2 giant cockroaches
  3 goblins
  3 hobgoblins
  3 jackals (D:1)
  2 quokkas (D:2)
  2 frilled lizards (D:1)
  6 kobolds
  4 rats
38 creatures vanquished.

Vanquished Creatures (others)
  110 foxfires
110 creatures vanquished.

Grand Total: 148 creatures vanquished

Notes
Turn   | Place    | Note
-------+----------+-------------------------------------------
     0 | D:1      | RascalDebosk the Djinni Fire Elementalist began the quest
                  | for the Orb.
     0 | D:1      | RascalDebosk set off with the following spells memorised:
                  | Foxfire, Scorch, Volatile Blastmotes, Inner Flame, Flame
                  | Wave.
     0 | D:1      | Reached XP level 1. HP: 15/15 MP: 0/0
   159 | D:1      | Reached XP level 2. HP: 19/21 MP: 0/0
   235 | D:1      | Reached skill level 3 in Spellcasting
   778 | D:1      | Reached XP level 3. HP: 23/25 MP: 0/0
   778 | D:1      | Learned a level 1 spell: Magic Dart
  1830 | D:3      | Reached XP level 4. HP: 30/31 MP: 0/0
  2195 | D:3      | Slain by an orc priest

Illustrated notes

Levels and vault maps discovered:
D:1:      saegor_arrival_simple_d, layout_basic
D:2:      layout_loops_ring, basic_altar, serial_forest,
          infiniplex_forest_lined_2, infiniplex_forest_lined_room_3,
          infiniplex_forest_straight_4, infiniplex_forest_straight_4,
          infiniplex_forest_lined_corner, infiniplex_forest_clump_C,
          infiniplex_forest_clump_tiny, infiniplex_forest_straight_4,
          infiniplex_forest_lined_2
D:3:      layout_loops_ring

Skill      XL: |  1  2 |
---------------+-------+-----
Spellcasting   | 3 |  3.7
Dodging        | |  2.1
Stealth        | |  1.5

Action                     |  1- 3 |  4- 6 || total
---------------------------+-------+-------++-------
  Melee: Dagger            |     2 |       ||     2
   Cast: Foxfire           |    61 |    14 ||    75
         Magic Dart        |    12 |     2 ||    14
         Scorch            |     2 |       ||     2
 Armour: Robe              |     3 |       ||     3
  Dodge: Dodged            |     7 |     3 ||    10
